 Dungeon Crawl Stone Soup version 0.29.1-2-gbd0b4ee654 (webtiles) character file.

Game seed: 13204890907029305179

3096 Caestello the Zephyrmancer (level 9, -1/67 HPs)
             Began as a Red Draconian Air Elementalist on Nov 27, 2022.
             Was a Priest of Qazlal.
             Slain by a troll (3 damage)
             ... on level 8 of the Dungeon.
             The game lasted 00:23:22 (9600 turns).

Caestello the Zephyrmancer (DrAE)                   Turns: 9600, Time: 00:23:23

Health: -1/67      AC:  9    Str: 11    XL:     9   Next: 59%
Magic:  22/26      EV: 13    Int: 20    God:    Qazlal [***...]
Gold:   423        SH:  3    Dex: 11    Spells: 8/18 levels left

rFire   + . .      SeeInvis .   i - +3 hand axe (venom)
rCold   . . .      Faith    +   (no shield)
rNeg    . . .      Spirit   .   (body armour unavailable)
rPois   .          Reflect  .   (helmet restricted)
rElec   .          Harm     .   B - +1 cloak
rCorr   .          Rampage  .   (no gloves)
Will    +....                   (no boots)
Stlth   ++........              h - amulet of faith
HPRegen 0.21/turn               w - ring of willpower
MPRegen 0.20/turn               z - ring of magical power

@: short of breath
A: breathe fire, AC +7, unfitting armour, fire resistance 1, cold-blooded
a: Breathe Fire, Renounce Religion, Upheaval, Elemental Force


You were on level 8 of the Dungeon.
You worshipped Qazlal.
Qazlal was most pleased with you.
You visited 1 branch of the dungeon, and saw 8 of its levels.

You collected 467 gold pieces.
You spent 44 gold pieces at shops.

Inventory:

Hand Weapons
 i - a +3 hand axe of venom (weapon)
 F - a +2 vorpal hand axe
Armour
 B - a +1 cloak (worn)
Jewellery
 h - an amulet of faith (around neck)
 w - a ring of willpower (left hand)
 y - a ring of positive energy
 z - a ring of magical power (right hand)
 C - a ring of magical power
Wands
 l - a wand of roots (5)
 o - a wand of flame (13)
 D - a wand of light (7)
Scrolls
 m - 2 scrolls of poison
 n - a scroll of brand weapon
 q - a scroll of enchant weapon
 r - a scroll of vulnerability
 s - a scroll of amnesia
 t - 7 scrolls of teleportation
 u - a scroll of magic mapping {unknown}
 v - 2 scrolls of immolation
 x - 2 scrolls of blinking
 A - a scroll of fear
 E - a scroll of silence {unknown}
Potions
 a - 2 potions of magic
 b - 5 potions of curing
 c - 2 potions of berserk rage
 d - 2 potions of mutation
 e - 2 potions of cancellation {unknown}
 f - 2 potions of resistance
 g - a potion of lignification
 j - a potion of ambrosia {unknown}
 k - 3 potions of flight {unknown}
 p - 2 potions of attraction
 G - a potion of heal wounds {unknown}


   Skills:
 + Level 2.1 Fighting
 + Level 3.4 Axes
 * Level 4.1 Dodging
 + Level 2.9 Stealth
 - Level 0.1 Shields
 + Level 5.4 Spellcasting
 + Level 5.3 Conjurations
 * Level 8.2 Air Magic
 * Level 4.7 Invocations


You had 8 spell levels left.
You knew the following spells:

 Your Spells              Type           Power      Damage    Failure   Level
a - Shock                 Conj/Air       100%       1d9       1%          1
b - Static Discharge      Conj/Air       32%        3-7/arc   1%          2
c - Swiftness             Air            38%        N/A       1%          3
d - Airstrike             Air            19%        2d(3-19)  3%          4

Your spell library contained the following spells:

 Spells                   Type           Power      Damage    Failure   Level
 Beastly Appendage        Tmut           10%        N/A       11%         1
 Wereblood                Tmut           5%         N/A       17%         2
 Gell's Gravitas          Tloc           5%         N/A       32%         3
 Spider Form              Tmut/Pois      5%         N/A       32%         3
 Teleport Other           Tloc           5%         N/A       32%         3
 Dispersal                Tloc           2%         N/A       100%        6


Dungeon Overview and Level Annotations

Branches:
Dungeon (8/15)             Temple (0/1) D:4
   Lair: D:8-11

Altars:
Ashenzari
Cheibriados
Dithmenos
Elyvilon
Fedhas
Hepliaklqana
Qazlal
Uskayaw
Wu Jian
Xom

Shops:
D:2 ?   D:7 (


Innate Abilities, Weirdness & Mutations

You can breathe blasts of fire.
Your fiery red scales are hard. (AC +7)
You cannot fit into any form of body armour.
Your flesh is heat resistant. (rF+)
You are cold-blooded and may be slowed by cold attacks.


Message History

You can't see any susceptible monsters within range! (Use Z to cast anyway.)
There is an open door here.
You open the door.
Found a stone staircase leading up.
There is an open door here.
An electric eel comes into view.
Found a scroll of brand weapon.
The electric eel moves out of view.
The electric eel shoots out a bolt of lightning at you!
The bolt of electricity hits you. x2
You hear a shout!
You can't see any susceptible monsters within range! (Use Z to cast anyway.)
A troll and an orc come into view.
The troll shouts!
You hear a howl! x2; You hear a bark!
An orc priest comes into view. It is wielding a +0 flail.
The orc moves out of view.
The electric eel shoots out a bolt of lightning at you!
The bolt of electricity hits you!
Aiming: Breathe Fire (4% risk of failure)
Press: ? - help, Shift-Dir - straight line, f - troll
Aim: a troll (68% to hit)
You breathe a blast of fire.
The fiery breath misses the troll.
The zap hits the troll!
The troll is moderately wounded.
A wolf comes into view. x2
The zap hits the troll.
The troll is moderately wounded.
The wolf howls!
You hear a shout!
Casting: Shock (safe; 1% risk of failure)
Confirm with . or Enter, or press ? or * to list all spells.
The troll is struck by an arc of lightning.
The troll is heavily wounded.
You are struck by an arc of lightning.
The lightning grounds out.
A hound comes into view.
The troll bites you! The troll claws you!
* * * LOW HITPOINT WARNING * * *
You block the troll's attack. The troll bites you!
* * * LOW HITPOINT WARNING * * *
The troll claws you but does no damage. The troll claws you.
You die...

#.......# ### #.......#
..########......≈# #
#.##...........~~~
#.#.##......~..≈~≈~.
##.##.#<#.##.....~~~~)))..
..........'...≈≈≈....'...
#.##.#.#.##.........#####
#.######@############....
#####..☼hhhT.# #....
........###### #...#
..?......# #.)##
o~~..~..... #...#
.~~~.......# #....
.~≈S~~.....# #....
.~≈≈~......# ####'
.≈≈~.......# #.


You could see a troll, 2 wolves and a hound.

Vanquished Creatures
  A two-headed ogre (D:8)
  A steam dragon (D:7)
  A water moccasin (D:6)
  3 orc warriors
  An ice beast (D:7)
  2 black bears
  A phantom (D:7)
  A kobold brigand (D:6)
  4 bullfrogs
  A gnoll sergeant (D:8)
  2 necrophages (D:6)
  2 scorpions
  3 killer bees (D:5)
  3 hounds (D:4)
  2 jellies (D:6)
  3 orc priests
  Jessica (D:3)
  8 iguanas
  5 orc wizards
  Robin (D:2)
  3 gnolls (D:5)
  14 adders
  An ufetubus (D:7)
  6 dart slugs
  4 worms
  17 orcs
  11 bats
  9 endoplasms
  A giant cockroach (D:2)
  14 goblins
  8 hobgoblins
  7 kobolds
  7 quokkas
  5 ball pythons
  3 frilled lizards (D:1)
  3 rats
159 creatures vanquished.

Notes
Turn   | Place    | Note
-------+----------+-------------------------------------------
     0 | D:1      | Caestello the Draconian Air Elementalist began the quest
                  | for the Orb.
     0 | D:1      | Reached XP level 1. HP: 14/14 MP: 3/3
   339 | D:1      | Reached XP level 2. HP: 20/20 MP: 0/5
  1105 | D:1      | Reached XP level 3. HP: 26/26 MP: 3/6
  1151 | D:1      | Found a faded altar of an unknown god.
  1673 | D:2      | Learned a level 2 spell: Static Discharge
  1677 | D:2      | Learned a level 3 spell: Swiftness
  1751 | D:2      | Noticed Robin
  1789 | D:2      | Killed Robin
  1879 | D:2      | Reached XP level 4. HP: 31/33 MP: 4/8
  1997 | D:2      | Reached skill level 4 in Air Magic
  2301 | D:2      | Found Qapp's Magic Scroll Emporium.
  2305 | D:2      | Bought a scroll of identify for 22 gold pieces
  2305 | D:2      | Bought a scroll of identify for 22 gold pieces
  2884 | D:3      | Reached XP level 5. HP: 39/39 MP: 3/9
  3335 | D:3      | Noticed Jessica
  3340 | D:3      | Killed Jessica
  3645 | D:3      | Found a hazy altar of Hepliaklqana.
  3648 | D:3      | Found a faded altar of an unknown god.
  4295 | D:4      | Found a stormy altar of Qazlal.
  4356 | D:4      | Became a worshipper of Qazlal Stormbringer
  4563 | D:4      | Found a staircase to the Ecumenical Temple.
  4571 | D:4      | Reached XP level 6. HP: 46/46 MP: 5/11
  4775 | D:4      | Found a broken altar of Ashenzari.
  4785 | D:4      | Reached skill level 1 in Axes
  4785 | D:4      | Reached skill level 5 in Air Magic
  5261 | D:5      | Entered Level 5 of the Dungeon
  5267 | D:5      | You fall into a shaft and drop 1 floor!
  5290 | D:6      | Learned a level 4 spell: Airstrike
  5366 | D:6      | Noticed an orc warrior
  5395 | D:6      | Reached skill level 1 in Fighting
  5401 | D:6      | Your scales start taking on a fiery red colour.
  5401 | D:6      | Reached XP level 7. HP: 36/52 MP: 12/12
  5401 | D:6      | Gained mutation: Your flesh is heat resistant. (rF+) [Red
                  | Draconian growth]
  5507 | D:6      | Reached skill level 1 in Invocations
  5606 | D:6      | Reached * piety under Qazlal
  5681 | D:6      | Reached skill level 6 in Air Magic
  5787 | D:6      | Found a shadowy altar of Dithmenos.
  5997 | D:5      | Reached XP level 8. HP: 59/59 MP: 14/14
  6625 | D:5      | Found a snail-covered altar of Cheibriados.
  7367 | D:6      | Reached ** piety under Qazlal
  7491 | D:6      | Found a white marble altar of Elyvilon.
  7546 | D:6      | Reached skill level 7 in Air Magic
  7755 | D:6      | Found a blossoming altar of Fedhas.
  8109 | D:7      | Found an ornate altar of the Wu Jian Council.
  8518 | D:7      | Found a hide-covered altar of Uskayaw.
  8530 | D:7      | Reached skill level 5 in Spellcasting
  8530 | D:7      | Reached XP level 9. HP: 56/67 MP: 16/16
  8624 | D:7      | Reached skill level 5 in Conjurations
  8767 | D:7      | Found Pima's Weapon Shop.
  9225 | D:8      | Found a shimmering altar of Xom.
  9397 | D:8      | Noticed a two-headed ogre
  9417 | D:8      | Killed a two-headed ogre
  9418 | D:8      | Reached skill level 8 in Air Magic
  9545 | D:8      | Reached *** piety under Qazlal
  9588 | D:8      | Noticed a troll
  9600 | D:8      | HP: 2/67 [troll (12)]
  9600 | D:8      | Slain by a troll

Illustrated notes

Levels and vault maps discovered:
D:1:      elethiomel_arrival_quiet, layout_basic,
          hellmonk_ecumenical_altar_slurped_away, minmay_misc_feat_cross
D:2:      layout_loops_ring, serial_shops, shop, uniq_robin
D:3:      layout_basic, beargit_hepliaklqana_dungeon_heroes,
          minmay_fractal_squares_gapless_5, uniq_jessica
D:4:      layout_basic, grunt_qazlal_clouds, evilmike_ruin_ashenzari,
          minmay_temple_entry_offerings
D:5:      layout_basic, cheibrodos_worm_habitat
D:6:      layout_gridville, nicolae_elyvilon_peaceful_grove,
          amcnicky_altar_gilded, nicolae_dithmenos_shadow_blocks,
          minmay_crossroads
D:7:      layout_gridville, eat_drink_and_be_merry_uskayaw,
          nzn_wu_jian_contemplation, serial_glass, glass_columns_b,
          glass_columns_b, glass_columns_c, glass_columns_c,
          due_unseen_surprise, feat_on_display, item_on_display_a, serial_shops,
          nicolae_shop_stone, kennysheep_cross_bottleneck
D:8:      layout_basic, mainiacjoe_overflow_paths, tso_metal_star,
          erik_lair_island, serial_rivers, chequers_serial_rivers_marsh,
          chequers_serial_rivers_room_a, chequers_serial_rivers_small_b,
          chequers_serial_rivers_small_a, kennysheep_generic_room_8

Skill      XL: |  1  2  3  4  5  6  7  8  9 |
---------------+----------------------------+-----
Stealth        | 2 |  2.9
Dodging        | 2 3 4 |  4.1
Air Magic      | 4 5 6 7 8 |  8.2
Spellcasting   | 3 4 5 |  5.4
Conjurations   | 2 3 4 5 |  5.3
Axes           | 1 2 3 |  3.4
Fighting       | 1 2 |  2.1
Invocations    | 2 3 4 |  4.7
Shields        | |  0.1

Action                   |  1- 3 |  4- 6 |  7- 9 || total
-------------------------+-------+-------+-------++-------
Melee: Unarmed           |    33 |       |       ||    33
       Tailslap          |     2 |     8 |    19 ||    29
       Hand axe          |    13 |    55 |    88 ||   156
 Cast: Shock             |    68 |   120 |   101 ||   289
       Static Discharge  |       |     4 |    22 ||    26
       Airstrike         |       |       |     5 ||     5
       Swiftness         |       |       |     1 ||     1
 Abil: Breathe Fire      |       |       |     9 ||     9
  Use: Scroll            |     1 |     6 |     7 ||    14
       Potion            |       |       |     4 ||     4
Armor: Skin              |    25 |    31 |    29 ||    85
Dodge: Dodged            |    61 |    50 |    74 ||   185
Block: Other             |       |       |    10 ||    10
